 Dungeon Crawl Stone Soup version 0.30-a0-1050-g2766ea1e55 (webtiles) character file.

Game seed: 7857161309547333228

15769 Lavandula the Basher (level 12, -45/86 HPs)
             Began as a Demonspawn Gladiator on Apr 11, 2023.
             Was a High Priest of Makhleb.
             Annihilated by a torpor snail (66 damage)
             ... on level 2 of the Lair of Beasts.
             The game lasted 00:27:39 (11116 turns).

Lavandula the Basher (Demonspawn Gladiator)        Turns: 11116, Time: 00:27:39

Health: -45/86     AC: 13    Str: 19    XL:     12   Next: 4%
Magic:  18/18      EV:  2    Int:  9    God:    Makhleb [*****.]
Gold:   640        SH:  0    Dex: 20    Spells: 11/11 levels left

rFire   . . .      SeeInvis .    A - +5 whip "Roacekecs" {flame, rElec Dex+4}
rCold   . . .      Faith    .    x - +0 buckler
rNeg    + . .      Spirit   .    b - +3 ring mail of Fanaticism {Harm Regen+}
rPois   .          Reflect  .    a - +0 hat {Stlth+}
rElec   +          Rampage  +    c - +0 cloak
rCorr   .          Harm     + .  m - +0 pair of gloves
Will    +....                    Q - +0 pair of boots {rampage}
Stlth   ++                       u - amulet of magic regeneration
HPRegen 1.14/turn                j - ring of willpower
MPRegen 0.56/turn                l - ring of positive energy

@: mighty, sleeping, slowed
A: horns 1, slimy green scales 1, powered by death 2, powered by pain 1
a: Renounce Religion, Minor Destruction, Lesser Servant of Makhleb, Major
Destruction, Greater Servant of Makhleb


You were on level 2 of the Lair of Beasts.
You worshipped Makhleb.
Makhleb was extremely pleased with you.
You visited 3 branches of the dungeon, and saw 13 of its levels.
You also visited: Sewer.

You collected 843 gold pieces.
You spent 203 gold pieces at shops.

Inventory:

Hand Weapons
 A - the +5 whip "Roacekecs" (weapon) {flame, rElec Dex+4}
   (You took it off a gnoll bouda on level 4 of the Dungeon)

   Dex:       It affects your dexterity (+4).
   rElec:     It insulates you from electricity.
 O - the +3 whip "Timpoodu" {heavy, rN++ Dex-3}
   (You found it on level 6 of the Dungeon)

   Dex:       It affects your dexterity (-3).
   rN:        It greatly protects you from negative energy.
Missiles
 d - a throwing net
 e - 4 curare-tipped darts
 F - 26 poisoned darts
 G - 6 javelins
 H - 12 boomerangs
 V - 2 silver javelins (quivered)
Armour
 a - a +0 hat of stealth (worn)
 b - the +3 ring mail of Fanaticism (worn) {Harm Regen+}
   (You found it on level 9 of the Dungeon)

   Regen:     It increases your rate of health regeneration.
   Harm:      It increases damage dealt and taken.
 c - a +0 cloak (worn)
 m - a +0 pair of gloves (worn)
 x - a +0 buckler (worn)
 Q - a +0 pair of boots of rampaging (worn)
 W - a +1 chain mail of cold resistance
Magical Staves
 R - a staff of fire
Jewellery
 j - a ring of willpower (left hand)
 l - a ring of positive energy (right hand)
 u - an amulet of magic regeneration (around neck)
 T - a ring of see invisible
 Y - a ring of positive energy
Wands
 q - a wand of flame (24)
 y - a wand of iceblast (6)
 P - a wand of digging (7)
 S - a wand of paralysis (6)
Scrolls
 f - a scroll of blinking {unknown}
 h - 3 scrolls of amnesia {unknown}
 i - 12 scrolls of identify {unknown}
 o - 2 scrolls of acquirement {unknown}
 p - 4 scrolls of noise {unknown}
 s - 5 scrolls of vulnerability {unknown}
 t - a scroll of immolation {unknown}
 v - 6 scrolls of teleportation {unknown}
 w - a scroll of enchant weapon {unknown}
 z - 2 scrolls of magic mapping {unknown}
 E - 3 scrolls of fog {unknown}
 I - 2 scrolls of butterflies {unknown}
 X - a scroll of enchant armour {unknown}
 Z - a scroll of silence {unknown}
Potions
 g - 2 potions of might {unknown}
 k - 5 potions of haste {unknown}
 n - 7 potions of curing {unknown}
 r - 3 potions of attraction {unknown}
 B - a potion of lignification {unknown}
 D - 5 potions of flight {unknown}
 J - 2 potions of mutation {unknown}
 K - 2 potions of brilliance {unknown}
 L - a potion of experience {unknown}
 M - 2 potions of invisibility {unknown}
 N - a potion of heal wounds {unknown}
 U - a potion of degeneration {unknown}


   Skills:
 + Level 5.4 Fighting
 - Level 6.7 Long Blades
 - Level 11.7 Maces & Flails
 - Level 5.0 Throwing
 - Level 5.9 Dodging
 - Level 4.0 Shields
 + Level 9.3 Invocations
 - Level 5.0 Evocations


You had 11 spell levels left.
You didn't know any spells.
Your spell library contained the following spells:

 Spells                   Type           Power      Damage    Failure   Level
 Beastly Appendage        Tmut           0%         N/A       67%         1
 Shock                    Conj/Air       0%         1d3       67%         1
 Ensorcelled Hibernation  Hex/Ice        0%         N/A       80%         2
 Passwall                 Tmut/Erth      0%         N/A       80%         2
 Wereblood                Tmut           0%         N/A       80%         2
 Ozocubu's Armour         Ice            0%         N/A       95%         3
 Spider Form              Tmut/Pois      0%         N/A       95%         3
 Swiftness                Air            0%         N/A       95%         3
 Vhi's Electric Charge    Tloc/Air       0%         N/A       95%         3
 Airstrike                Air            0%         2d(0-16)  100%        4
 Arcjolt                  Conj/Air       0%         1d10      100%        5
 Metabolic Englaciation   Hex/Ice        0%         N/A       100%        5
 Plasma Beam              Fire/Air       0%         2x1d11    100%        6
 Simulacrum               Ice/Necr       0%         N/A       100%        6
 Ozocubu's Refrigeration  Ice            0%         4d7       100%        7


Dungeon Overview and Level Annotations

Branches:
Dungeon (10/15)            Temple (1/1) D:4            Lair (2/5) D:10
    Orc (0/2) D:9           Sewer (visited)
  Swamp: Lair:2-3    Shoals: Lair:2-3     Snake: Lair:2-3    Spider: Lair:2-3

Altars:
Ashenzari
Cheibriados
Dithmenos
Fedhas
Kikubaaqudgha
Makhleb
Nemelex Xobeh
Okawaru
Qazlal
Ru
Sif Muna
Trog
Uskayaw
Vehumet
Wu Jian
Yredelemnul

Shops:
D:5 (

Annotations:
D:2 1 runed translucent door, Crazy Yiuf
D:8 2 transporters, MoltyBleed's ghost, novice HOIE


Innate Abilities, Weirdness & Mutations

You have a pair of small horns on your head.
You are partially covered in slimy green scales. (AC +2)
You regenerate health from kills.
You sometimes gain a little power by taking damage.


Message History

You hear an angry hiss.
The torpor snail bites you.
Unknown command.
You hit the torpor snail. You burn the torpor snail.
The torpor snail is lightly wounded.
A dream sheep comes into view.
The dream sheep bites you but does no damage.
The torpor snail bites you!
Unknown command.
You hit the torpor snail. You burn the torpor snail.
The torpor snail is lightly wounded.
Unknown command.
Okay, then.
Unknown command.
Aiming: Paralyse
Press: ? - help, Shift-Dir - straight line, f - torpor snail
Aim: a torpor snail (lightly wounded, chance to affect: 14%)
Okay, then.
Okay, then.
Okay, then.
Unknown command.
A demon appears!
The dream sheep bites you but does no damage. x2
The torpor snail bites you. The dream sheep bites you.
The dream sheep bites you but does no damage.
Unknown command.
A demon appears!
The torpor snail bites you!
* * * LOW HITPOINT WARNING * * *
You focus on the pain.
You feel very mighty all of a sudden.
The dream sheep bites you but does no damage.
The dream sheep shake their wool and sparkle.
You feel drowsy...
You fall asleep.
Your hellwing hits the dream sheep! Your hellwing hits the dream sheep.
The dream sheep dies!
Makhleb accepts your kill.
The dream sheep bites you but does no damage.
The torpor snail bites you!!!
Ouch! That really hurt!
You die...

##..####.........#.#
#...............###
#......#.........
#.................#
#..#...#...........
#..#...#.###.#.P...
#......+.# ........
##..4...... ..P ..
#.Y@P...#.. ...
#.Yw#...#... ...
#4......# .. ...
##..#...# ..
P....#+.. . ##... .
... . ......# #
..... #


You could see a torpor snail, 2 dream sheep and 2 friendly hellwings.

Vanquished Creatures
  Gastronok (D:10)
  A two-headed ogre (D:9)
  6 death yaks (Lair:2)
  2 black mambas (Lair:1)
  A gargoyle (D:10)
  2 cane toads
  A komodo dragon (Lair:1)
  A troll (D:9)
  5 blink frogs (Lair:2)
  3 wyverns
  3 yaks (Lair:1)
  4 steam dragons
  5 water moccasins
  3 orc warriors
  Duvessa (D:4)
  4 ice beasts
  4 black bears
  2 sky beasts
  4 ogres
  6 wolves (Lair:2)
  2 centaurs
  6 kobold brigands
  2 scorpions
  8 bullfrogs
  12 wights
  Dowan (D:4)
  5 killer bees (D:9)
  An electric eel (Lair:1)
  A howler monkey (D:9)
  4 hounds
  A jelly (D:7)
  4 orc priests
  A gnoll bouda (D:4)
  4 iguanas
  7 orc wizards
  3 hell rats (Lair:2)
  9 adders
  5 gnolls
  3 river rats (Sewer)
  A white imp (D:5)
  An ufetubus (D:5)
  3 worms
  3 dart slugs
  29 orcs
  12 ball pythons
  3 endoplasms
  A giant cockroach (D:2)
  6 goblins
  7 hobgoblins
  5 jackals (Sewer)
  2 quokkas (D:5)
  5 bats
  6 frilled lizards
  17 kobolds
  10 rats
249 creatures vanquished.

Vanquished Creatures (collateral kills)
  A dream sheep (Lair:2)
  A yak (D:10)
  A black bear (D:10)
  2 wights (D:8)
  2 orc priests
  2 hell rats (Lair:2)
  A dart slug (D:5)
  20 orcs
  A ball python (Sewer)
  A jackal (Sewer)
  7 kobolds
39 creatures vanquished.

Vanquished Creatures (others)
  A killer bee (D:9)
  An orc (D:8)
  A ball python (Sewer)
  A kobold (D:8)
  11 fungi
  5 plants
20 creatures vanquished.

Grand Total: 308 creatures vanquished

Notes
Turn   | Place    | Note
-------+----------+-------------------------------------------
     0 | D:1      | Lavandula the Demonspawn Gladiator began the quest for the
                  | Orb.
     0 | D:1      | Reached XP level 1. HP: 16/16 MP: 1/1
   293 | D:1      | Gained mutation: You regenerate a little health from kills.
                  | [demonic ancestry]
   293 | D:1      | Reached XP level 2. HP: 20/22 MP: 2/2
   658 | D:1      | Found a faded altar of an unknown god.
   904 | D:2      | Gained mutation: You sometimes gain a little power by
                  | taking damage. [demonic ancestry]
   904 | D:2      | Reached XP level 3. HP: 27/27 MP: 3/3
  1176 | D:2      | Found a sacrificial altar of Ru.
  1376 | D:2      | Found a runed translucent door.
  1377 | D:2      | Noticed Crazy Yiuf
  1562 | D:3      | Gained mutation: You regenerate health from kills. [demonic
                  | ancestry]
  1562 | D:3      | Reached XP level 4. HP: 6/33 MP: 4/4
  2173 | D:3      | Reached skill level 5 in Long Blades
  2416 | D:4      | Noticed Dowan
  2418 | D:4      | Noticed Duvessa
  2456 | D:4      | Noticed a sky beast
  2565 | D:4      | Found a staircase to the Ecumenical Temple.
  2587 | Temple   | Entered the Ecumenical Temple
  2648 | Temple   | Became a worshipper of Makhleb the Destroyer
  2711 | D:4      | Killed Dowan
  2712 | D:4      | Gained mutation: You are partially covered in slimy green
                  | scales. (AC +2) [demonic ancestry]
  2712 | D:4      | Reached XP level 5. HP: 38/38 MP: 5/5
  2712 | D:4      | Killed Duvessa
  2713 | D:4      | Reached XP level 6. HP: 44/44 MP: 6/6
  2879 | D:4      | Identified the +5 whip "Roacekecs" {flame, rElec Dex+4}
  3076 | D:4      | Killed a sky beast
  3077 | D:4      | Reached skill level 2 in Maces & Flails
  3340 | D:4      | Noticed an ice beast
  3360 | D:4      | Killed an ice beast
  3361 | D:4      | Reached skill level 3 in Maces & Flails
  3361 | D:4      | Reached XP level 7. HP: 38/51 MP: 7/7
  3368 | D:4      | Reached * piety under Makhleb
  3754 | D:5      | Entered Level 5 of the Dungeon
  3755 | D:5      | Found Lesixt's Antique Weapon Shoppe.
  3765 | D:5      | Bought a glowing dire flail for 203 gold pieces
  4012 | D:5      | Reached skill level 4 in Maces & Flails
  4405 | D:5      | Reached skill level 5 in Maces & Flails
  4477 | D:5      | Gained mutation: You have a pair of small horns on your
                  | head. [demonic ancestry]
  4477 | D:5      | Reached XP level 8. HP: 47/57 MP: 8/8
  4672 | D:5      | Reached skill level 6 in Maces & Flails
  5149 | D:5      | Reached skill level 7 in Maces & Flails
  5218 | D:5      | Found a blossoming altar of Fedhas.
  5222 | D:5      | Found a bloodstained altar of Trog.
  5620 | D:6      | Reached ** piety under Makhleb
  5723 | D:6      | Reached skill level 8 in Maces & Flails
  5910 | D:6      | Found a glowing drain.
  5943 | Sewer    | Entered a sewer
  6188 | Sewer    | Reached XP level 9. HP: 62/62 MP: 9/9
  6444 | Sewer    | Reached *** piety under Makhleb
  6653 | D:6      | Identified the +3 whip "Timpoodu" {heavy, rN++ Dex-3}
  6803 | D:6      | Reached skill level 9 in Maces & Flails
  7425 | D:7      | Reached skill level 10 in Maces & Flails
  8179 | D:7      | Reached skill level 11 in Maces & Flails
  8344 | D:8      | Found a transporter.
  8398 | D:8      | Reached **** piety under Makhleb
  8460 | D:8      | Reached XP level 10. HP: 68/68 MP: 10/10
  8499 | D:8      | Noticed a two-headed ogre
  8502 | D:8      | Noticed MoltyBleed's ghost (novice HOIE)
  8505 | D:8      | Found a bloodstained altar of Trog.
  8505 | D:8      | Noticed a moth of wrath
  8512 | D:8      | Found a transporter.
  8766 | D:8      | Found a stormy altar of Qazlal.
  8890 | D:9      | Identified the +0 buckler of Anaesthesia {-Tele rElec rPois
                  | Regen+}
  9185 | D:9      | Identified the +3 ring mail of Fanaticism {Harm Regen+}
  9230 | D:9      | Found a staircase to the Orcish Mines.
  9237 | D:9      | Noticed a two-headed ogre
  9245 | D:9      | Killed a two-headed ogre
  9246 | D:9      | Reached skill level 5 in Dodging
  9600 | D:10     | Entered Level 10 of the Dungeon
  9637 | D:10     | Noticed a gargoyle
  9645 | D:10     | Killed a gargoyle
  9856 | D:10     | Reached skill level 5 in Throwing
  9902 | D:10     | Found a staircase to the Lair.
  9934 | D:10     | Noticed Gastronok
 10074 | D:10     | Killed Gastronok
 10075 | D:10     | Reached XP level 11. HP: 75/75 MP: 11/11
 10096 | Lair:1   | Entered Level 1 of the Lair of Beasts
 10356 | Lair:1   | Reached skill level 1 in Shields
 10431 | Lair:1   | Reached ***** piety under Makhleb
 10464 | Lair:1   | Reached skill level 5 in Evocations
 10801 | Lair:2   | Noticed a death yak
 10803 | Lair:2   | Noticed a death yak
 10804 | Lair:2   | Noticed a death yak
 10817 | Lair:2   | Noticed a death yak
 10818 | Lair:2   | Noticed a death yak
 10819 | Lair:2   | Noticed a death yak
 10837 | Lair:2   | Killed a death yak
 10846 | Lair:2   | Killed a death yak
 10859 | Lair:2   | Killed a death yak
 10860 | Lair:2   | Reached skill level 5 in Invocations
 10864 | Lair:2   | Killed a death yak
 10869 | Lair:2   | Killed a death yak
 10873 | Lair:2   | Killed a death yak
 11024 | Lair:2   | Reached skill level 5 in Fighting
 11046 | Lair:2   | Reached XP level 12. HP: 86/86 MP: 18/18
 11116 | Lair:2   | Annihilated by a torpor snail

Illustrated notes

Levels and vault maps discovered:
D:1:      heliophobic_arrival_henge, layout_basic,
          hellmonk_ecumenical_altar_inner_sanctum, minmay_split_cup_small
D:2:      layout_rooms, basic_altar, uniq_crazy_yiuf_cottage
D:3:      layout_basic
D:4:      layout_basic, temple_statues, uniq_duvessa
D:5:      layout_basic, grunt_temple_overflow_diamond, serial_shops, shop
D:6:      kennysheep_steamy, layout_loops_ring, cheibrodos_sewer_entry_bend,
          minivault_22
D:7:      layout_cave_pools
D:8:      layout_rooms, nicolae_qazlal_style_of_elements, special_room
          [special_room_orc], gammafunk_ghost_wrathful_warriors,
          nicolae_lava_and_water
D:9:      layout_loops_ring, orc_0_dummy
D:10:     layout_basic, david_lair_generic, minmay_hollow_rounded_squares,
          uniq_gastronok
Temple:   hc_temple_tempest_star
Lair:1:   layout_chaotic_city, serial_bayou_lake_a, serial_bayou_shore_a
Lair:2:   layout_chaotic_city, skrybe_swamp_entry_bodies,
          portal_ice_cave_entry_pillars_1

Skill      XL: |  1  2  3  4  5  6  7  8  9 10 11 |
---------------+----------------------------------+-----
Long Blades    | 3 4 5 6 |  6.7
Maces & Flails | 3 5 8 11 | 11.7
Throwing       | 2 5 |  5.0
Dodging        | 5 |  5.9
Fighting       | 3 5 |  5.4
Evocations     | 3 5 |  5.0
Shields        | 4 |  4.0
Invocations    | 9 |  9.3

Action                     |  1- 3 |  4- 6 |  7- 9 | 10-12 || total
---------------------------+-------+-------+-------+-------++-------
  Melee: Long sword        |   147 |   131 |       |       ||   278
         Punch             |     1 |     2 |       |       ||     3
         Whip              |       |    26 |   406 |   304 ||   736
         Headbutt          |       |       |    65 |    66 ||   131
  Throw: Javelin           |       |     1 |     4 |    21 ||    26
         Dart              |       |       |     5 |     6 ||    11
         Boomerang         |       |       |     2 |    10 ||    12
         Throwing net      |       |       |     1 |     2 ||     3
 Invoke: Lesser Servant of |       |       |       |     4 ||     4
  Evoke: Wand              |       |     3 |     3 |     1 ||     7
   Stab: Paralysed         |       |       |     2 |     2 ||     4
         Distracted        |       |       |     1 |     2 ||     3
         Held in net/web   |       |       |       |     1 ||     1
         Sleeping          |       |       |       |     5 ||     5
 Armour: Leather armour    |    23 |       |       |       ||    23
         Plate armour      |    91 |    37 |       |       ||   128
         Chain mail        |       |    94 |   147 |    15 ||   256
         Ring mail         |       |       |       |    57 ||    57
  Dodge: Dodged            |    58 |    73 |   112 |   123 ||   366
  Block: Buckler           |       |       |       |    36 ||    36

Table legend: (Time is in decaauts)
 A = Elapsed time spent in this place.
 B = Non-inter-level travel time spent in this place.
 C = Inter-level travel time spent in this place.
 D = Time resting spent in this place.
 E = Time spent auto-exploring this place.
 F = Levels seen in this place.
 G = Mean time per level.
                   A        B        C        D        E       F      G
               +--------+--------+--------+--------+--------+-----+--------+
         Total |  11094 |  10480 |    614 |   1054 |   6898 |  14 |  792.4 |
       Dungeon |   9285 |   8702 |    583 |   1049 |   5575 |  10 |  928.5 |
        Temple |     89 |     79 |     10 |      0 |     65 |   1 |   89.0 |
          Lair |    950 |    929 |     21 |      3 |    642 |   2 |  475.0 |
         Sewer |    769 |    769 |      0 |      2 |    615 |   1 |  769.0 |
               +--------+--------+--------+--------+--------+-----+--------+

Top non-repeatable levels by time:
     D:5: 1837 daAuts
     D:3: 1169 daAuts
     D:4: 1090 daAuts
     D:8: 1000 daAuts
     D:1: 868 daAuts
     D:6: 793 daAuts
   Sewer: 769 daAuts
     D:9: 753 daAuts
     D:7: 747 daAuts
  Lair:1: 663 daAuts
     D:2: 600 daAuts
    D:10: 422 daAuts
  Lair:2: 287 daAuts
  Temple: 89 daAuts
